 Dungeon Crawl Stone Soup version 0.30-a0-802-gb92711bcdf (webtiles) character file.

Game seed: 14729402428533914814

23 ColdPorridge the Insei (level 3, -1/28 HPs)
             Began as a Meteoran Transmuter on Feb 24, 2023.
             Slain by a giant cockroach (2 damage)
             ... on level 2 of the Dungeon.
             The game lasted 00:04:14 (331 turns).

ColdPorridge the Insei (Meteoran Transmuter)         Turns: 331, Time: 00:04:15

Health: -1/28      AC:  2    Str: 13    XL:     3   Next: 29%
Magic:  5/8        EV: 12    Int: 14    God:
Gold:   36         SH:  0    Dex: 15    Spells: 4/7 levels left

rFire   + . .      SeeInvis .      - Unarmed
rCold   . . .      Faith    .    (no shield)
rNeg    . . .      Spirit   .    a - +0 robe
rPois   .          Reflect  .    (no helmet)
rElec   .          Harm     .    (no cloak)
rCorr   .          Rampage  .    (no gloves)
Will    .....                    (no boots)
Stlth   +                        (no amulet)
HPRegen 0.24/turn                i - ring of protection from fire
MPRegen 0.11/turn                (no ring)

@: wereblooded, glowing
A: sense surroundings 1, otherworldly, glowing, explore regen
a: no special abilities


You were on level 2 of the Dungeon.
You visited 1 branch of the dungeon, and saw 2 of its levels.

You collected 36 gold pieces.

Inventory:

Missiles
 c - 4 poisoned darts
Armour
 a - a +0 robe (worn)
 e - a +0 ring mail
Jewellery
 i - a ring of protection from fire (left hand)
Scrolls
 d - a scroll of summoning {unknown}
 f - 2 scrolls of teleportation
 h - a scroll of immolation {unknown}
Potions
 b - a potion of lignification
 g - a potion of attraction
 j - a potion of heal wounds {unknown}


   Skills:
 - Level 1.1 Fighting
 - Level 2.4 Dodging
 - Level 4.0 Unarmed Combat
 - Level 2.6 Spellcasting
 + Level 3.7 Transmutations


You had 4 spell levels left.
You knew the following spells:

 Your Spells              Type           Power      Damage    Failure   Level
a - Beastly Appendage     Tmut           24%        N/A       4%          1
b - Wereblood             Tmut           12%        N/A       7%          2

Your spell library contained the following spells:

 Spells                   Type           Power      Damage    Failure   Level
 Spider Form              Tmut/Pois      7%         N/A       30%         3
 Ice Form                 Ice/Tmut       7%         N/A       71%         4


Dungeon Overview and Level Annotations

Branches:
Dungeon (2/15) Zot: 872

Altars:

Annotations:
D:2 Robin


Innate Abilities, Weirdness & Mutations

You passively map a small area around you.
You are easily found by Zot.
You glow in the dark.
You regain HP and MP as you explore.


Message History

Things that are here:
a +0 dagger; a +0 club You hit Robin but do no damage.
Your headbutt misses Robin. The goblin closely misses you.
You hit the goblin. You claw the goblin.
You feel a bit better.
You kill the goblin!
Your horns disappear.
Your talons disappear.
The goblin hits you with a +0 dagger. Robin hits you but does no damage.
You closely miss the goblin. The goblin hits you with a +0 dagger.
The goblin hits you with a +2 dagger of speed.
Robin throws the goblin at you!
You closely miss the goblin. The goblin hits you with a +0 dagger.
Robin hits you but does no damage.
You hit the goblin.
You feel a bit better.
You kill the goblin!
The giant cockroach bites you.
The goblin hits you with a +2 dagger of speed.
Robin attacks as you move away! Robin closely misses you. x2
There is a stone staircase leading up here.
Things that are here:
a +0 dagger; a goblin corpse You punch the goblin!
You feel a bit better.
You kill the goblin!
The goblin unwields a +0 club.
The goblin wields a +0 sling.
The goblin shoots a sling bullet.
The sling bullet hits you.
Robin hits you from afar with a +0 spear.
* * * LOW HITPOINT WARNING * * *
Casting: Wereblood (safe; 7% risk of failure)
Confirm with . or Enter, or press ? or * to list all spells.
Your blood is freshly infused with primal strength!
The giant cockroach bites you.
* * * LOW HITPOINT WARNING * * *
You hit the giant cockroach.
The giant cockroach is moderately wounded.
The giant cockroach bites you.
* * * LOW HITPOINT WARNING * * *
Robin hits you from afar with a +0 spear.
* * * LOW HITPOINT WARNING * * *
The giant cockroach misses you. The giant cockroach bites you.
You die...

* * ** , ,,,
** **,###*
,#@# * , #B#
** *
..?.gggg.....#
.....g####...#
...... ..#
..... >, ,...
##### * , ,..
* ,,. , , , ,


You could see Robin, a giant cockroach, a hobgoblin (strong) and a goblin
(strong).

Vanquished Creatures
  2 bats (D:1)
  An endoplasm (D:1)
  A giant cockroach (D:1)
  8 goblins
  4 hobgoblins (D:1)
  2 kobolds (D:1)
18 creatures vanquished.

Vanquished Creatures (others)
  A fungus (D:1)
  A plant (D:1)
2 creatures vanquished.

Grand Total: 20 creatures vanquished

Notes
Turn   | Place    | Note
-------+----------+-------------------------------------------
     0 | D:1      | ColdPorridge the Meteoran Transmuter began the quest for
                  | the Orb.
     0 | D:1      | Reached XP level 1. HP: 16/16 MP: 5/5
   141 | D:1      | Reached skill level 4 in Unarmed Combat
   141 | D:1      | Reached XP level 2. HP: 23/23 MP: 4/6
   213 | D:1      | Found a faded altar of an unknown god.
   305 | D:2      | Noticed Robin
   313 | D:1      | Reached XP level 3. HP: 27/28 MP: 8/8
   316 | D:1      | Learned a level 2 spell: Wereblood
   330 | D:2      | HP: 1/28 [Robin/+0 spear (4)]
   331 | D:2      | Slain by a giant cockroach

Illustrated notes

Levels and vault maps discovered:
D:1:      saegor_arrival_simple_c, layout_loops_ring,
          shapermc_ecumenical_altar_acropolis, minmay_tetromino_i4
D:2:      layout_basic, uniq_robin

Skill      XL: |  1  2 |
---------------+-------+-----
Unarmed Combat | 4 |  4.0
Transmutations | 3 |  3.7
Fighting       | |  1.1
Dodging        | |  2.4
Spellcasting   | |  2.6

Action                     || total
---------------------------++-------
  Melee: Unarmed           ||    55
         Kick              ||     6
         Headbutt          ||     3
         Punch             ||     1
   Cast: Beastly Appendage ||     7
         Wereblood         ||     2
    Use: Scroll            ||     2
 Armour: Robe              ||    21
  Dodge: Dodged            ||    34

Table legend: (Time is in decaauts)
 A = Elapsed time spent in this place.
 B = Non-inter-level travel time spent in this place.
 C = Inter-level travel time spent in this place.
 D = Time resting spent in this place.
 E = Time spent auto-exploring this place.
 F = Levels seen in this place.
 G = Mean time per level.
                   A        B        C        D        E       F      G
               +--------+--------+--------+--------+--------+-----+--------+
         Total |    326 |    326 |      0 |      0 |      0 |   2 |  163.0 |
       Dungeon |    326 |    326 |      0 |      0 |      0 |   2 |  163.0 |
               +--------+--------+--------+--------+--------+-----+--------+

Top non-repeatable levels by time:
     D:1: 305 daAuts
     D:2: 21 daAuts
